 Dungeon Crawl Stone Soup version 0.26-a0-854-gdc81c2f471 (webtiles) character file.

Game seed: 11587151688047666923

15684 Gezukamaru the Fighter (level 12, -1/168 HPs)
             Began as a Minotaur Berserker on Nov 22, 2020.
             Was a High Priest of Trog.
             Slain by a 17-headed hydra (3 damage)
             ... on level 3 of the Lair of Beasts.
             The game lasted 00:40:24 (14274 turns).

Gezukamaru the Fighter (Minotaur Berserker)        Turns: 14274, Time: 00:40:24

Health: -1/168     AC: 18    Str: 27    XL:     12   Next: 3%
Magic:  11/11      EV: 14    Int:  4    God:    Trog [*****.]
Gold:   1377       SH: 13    Dex: 13    Spells: 11/11 levels left

rFire    + . .     SeeInvis .   a - +0 hand axe
rCold    + + .     Faith    .   Q - +2 buckler
rNeg     . . .     Spirit   .   v - +2 chain mail {rPois}
rPois    +         Reflect  +   (helmet restricted)
rElec    .         Harm     .   L - scarf {rC+ rF+}
rCorr    +         Rampage  .   (no gloves)
MR       .....                  p - +0 pair of boots
Stlth    ..........             s - amulet of reflection
HPRegen  0.38/turn              H - ring "Jajou" {rC+ rCorr Dex+3}
MPRegen  0.12/turn              G - +4 ring of protection

@: berserking (expiring), slowed
A: retaliatory headbutt, horns 2
a: Berserk, Trog's Hand, Brothers in Arms, Renounce Religion


You were on level 3 of the Lair of Beasts.
You worshipped Trog.
Trog was extremely pleased with you.
You visited 2 branches of the dungeon, and saw 13 of its levels.

You collected 1377 gold pieces.

Inventory:

Hand Weapons
 a - a +0 hand axe (weapon)
Missiles
 g - 17 poisoned darts
 F - 5 datura-tipped darts (quivered)
Armour
 c - a +0 kite shield
 p - a +0 pair of boots (worn)
 q - a +0 tower shield
 u - a +2 leather armour of fire resistance
 v - a +2 chain mail of poison resistance (worn)
 y - a +0 scale mail of cold resistance
 L - a scarf of resistance (worn)
 N - a +0 cloak
 Q - a +2 buckler (worn)
 S - a +1 leather armour of poison resistance
 V - a +2 hat
Jewellery
 n - an uncursed ring of protection from fire
 s - an amulet of reflection (around neck)
 G - a +4 ring of protection (right hand)
 H - the ring "Jajou" (left hand) {rC+ rCorr Dex+3}
   (You found it on level 8 of the Dungeon)

   [ring of resist corrosion]

   It affects your dexterity (+3).
   It protects you from cold.
   It provides partial protection from all sources of acid and corrosion.
 K - an uncursed ring of resist corrosion
Wands
 x - a wand of paralysis (10)
 B - a wand of enslavement (12)
 P - a wand of digging (5)
Scrolls
 b - 2 scrolls of holy word {unknown}
 d - a scroll of magic mapping {unknown}
 f - 5 scrolls of remove curse
 h - a scroll of enchant weapon {unknown}
 i - a scroll of blinking {unknown}
 j - 2 scrolls of fear
 r - 4 scrolls of teleportation
 A - 4 scrolls of identify
 D - 2 scrolls of immolation
 J - a scroll of torment {unknown}
 O - a scroll of enchant armour {unknown}
 T - 2 scrolls of amnesia {unknown}
 U - a scroll of brand weapon {unknown}
Potions
 e - 2 potions of invisibility {unknown}
 k - 6 potions of lignification {unknown}
 l - a potion of degeneration {unknown}
 m - 5 potions of curing {unknown}
 o - a potion of cancellation {unknown}
 t - a potion of flight {unknown}
 w - 3 potions of heal wounds {unknown}
 z - 2 potions of magic {unknown}
 E - a potion of berserk rage {unknown}
 I - 2 potions of attraction {unknown}
 M - a potion of brilliance {unknown}
 R - a potion of haste {unknown}


   Skills:
 + Level 12.0 Fighting
 + Level 12.0 Axes
 + Level 8.2 Armour
 + Level 11.0 Dodging
 + Level 9.3 Shields


You had 11 spell levels left.
You didn't know any spells.
Your spell library was empty.

Dungeon Overview and Level Annotations

Branches:
Dungeon (10/15)            Temple (0/1) D:6            Lair (3/6) D:10
  Swamp: Lair:2-4    Shoals: Lair:2-4     Snake: Lair:2-4    Spider: Lair:2-4
    Orc: D:9-12

Altars:
Ashenzari
Cheibriados
Dithmenos
Fedhas
Gozag
Hepliaklqana
Kikubaaqudgha
Makhleb
Okawaru
Qazlal
Trog
Wu Jian
Xom
Zin

Portals:
Trove: D:10 (give +6 demon trident)

Annotations:
Lair:2 exclusion: oklob plant
Lair:3 exclusion: 2 oklob plants


Innate Abilities, Weirdness & Mutations

You reflexively headbutt those who attack you in melee.
You have a pair of horns on your head.


Message History

The 15-headed hydra bites you but does no damage.
The 15-headed hydra closely misses you. x2
The 15-headed hydra completely misses you.
You block the 15-headed hydra's attack.
You chop one of the 15-headed hydra's heads off!
The 14-headed hydra grows two more!
You hit the 16-headed hydra.
The 16-headed hydra is heavily wounded.
Unknown command.
You hack one of the 16-headed hydra's heads off!
The 15-headed hydra grows two more!
You hit the 17-headed hydra.
The 17-headed hydra is moderately wounded.
Being near the torpor snail leaves you feeling lethargic.
The 17-headed hydra bites you but does no damage.
The 17-headed hydra barely misses you.
The 17-headed hydra bites you but does no damage.
You block the 17-headed hydra's attack. x2; The 17-headed hydra bites you.
* * * LOW HITPOINT WARNING * * *
The 17-headed hydra bites you but does no damage.
The 17-headed hydra bites you.
You die...

###### ### #.##P####
#####.######
###..P....###PP#P.....P#
#......................##
#.......................#
...............Y........##
.............w.Y#........#
.........##..##D##.......#
........###.####@##......#
.......## ### ####....###
##.....# #....# #......#
#....## ..#....# ##.....#
.#.#.#.## #......#
..>....P# ##....##
.#.#.#.## ##P##.#
........## ######


You could see a 17-headed hydra, a torpor snail and 2 ice beasts.

Vanquished Creatures
  Gastronok (Lair:1)
  A two-headed ogre (D:10)
  A death yak (Lair:3)
  Pikel (D:9)
  The ghost of stillor the Chiller, a novice OpTm of Sif Muna (D:6)
  2 black mambas
  2 cane toads
  5 komodo dragons
  A jumping spider (Lair:3)
  Grinder (D:3)
  4 blink frogs (Lair:1)
  Prince Ribbit (Lair:1)
  Sigmund (D:3)
  10 yaks
  Eustachio (D:5)
  Edmund (D:5)
  The ghost of drd the Insei, an amateur OpTm (D:4)
  3 water moccasins
  Duvessa (D:5)
  5 ice beasts
  4 orc warriors
  4 sky beasts
  3 black bears
  2 phantoms
  2 hornet zombies
  An eye of draining (D:10)
  9 ogres
  A centaur (D:7)
  2 lemures (D:9)
  2 big kobolds (D:8)
  11 bullfrogs
  2 gnoll sergeants
  Dowan (D:5)
  A water moccasin skeleton (D:4)
  5 scorpions
  A wyvern skeleton (D:10)
  4 howler monkeys
  2 centaur zombies
  9 hounds
  3 jellies
  A bullfrog zombie (D:8)
  A centaur skeleton (D:6)
  7 orc priests
  Crazy Yiuf (D:4)
  3 bullfrog skeletons
  2 iguanas
  9 worker ants
  Natasha (thrice) (D:2)
  6 orc wizards
  A killer bee zombie (D:5)
  A hound zombie (D:4)
  A worker ant zombie (D:9)
  4 gnolls (D:8)
  7 adders
  4 shadow imps
  4 white imps
  An ufetubus (D:7)
  An ooze (D:3)
  3 adder skeletons
  A worm (D:5)
  3 dart slugs (D:1)
  4 leopard geckos
  21 orcs
  6 giant cockroaches
  2 goblins (D:2)
  11 hobgoblins
  4 jackals
  5 quokkas
  3 ball pythons
  11 bats
  6 frilled lizards
  15 kobolds
  A leopard gecko skeleton (D:5)
  5 rats
271 creatures vanquished.

Vanquished Creatures (others)
  7 fungi
  16 plants
23 creatures vanquished.

Grand Total: 294 creatures vanquished

Notes
Turn   | Place    | Note
-------+----------+-------------------------------------------
     0 | D:1      | Gezukamaru the Minotaur Berserker began the quest for the
                  | Orb.
     0 | D:1      | Reached XP level 1. HP: 19/19 MP: 0/0
   387 | D:1      | Reached XP level 2. HP: 20/27 MP: 1/1
  1131 | D:2      | Reached XP level 3. HP: 33/33 MP: 2/2
  1312 | D:2      | Reached ** piety under Trog
  1388 | D:2      | Noticed Natasha
  1395 | D:2      | Killed Natasha
  1469 | D:2      | Reached XP level 4. HP: 39/41 MP: 3/3
  1516 | D:2      | Noticed Natasha
  1523 | D:2      | Killed Natasha
  1603 | D:2      | Found a burning altar of Makhleb.
  1860 | D:2      | Noticed Natasha
  1865 | D:2      | Killed Natasha
  2039 | D:3      | Noticed Sigmund
  2075 | D:3      | Reached XP level 5. HP: 46/47 MP: 4/4
  2182 | D:3      | Noticed Grinder
  2192 | D:3      | Paralysed by Grinder for 2 turns
  2198 | D:3      | Killed Grinder
  2199 | D:3      | Reached skill level 5 in Fighting
  2199 | D:3      | Reached skill level 5 in Axes
  2199 | D:3      | Reached XP level 6. HP: 56/56 MP: 5/5
  2349 | D:3      | Killed Sigmund
  2350 | D:3      | Reached XP level 7. HP: 63/63 MP: 6/6
  2434 | D:3      | Found a shimmering altar of Xom.
  2439 | D:3      | Found a bloodstained altar of Trog.
  2439 | D:3      | Found an ornate altar of the Wu Jian Council.
  2441 | D:3      | Found a shadowy altar of Dithmenos.
  2445 | D:3      | Found an opulent altar of Gozag.
  2670 | D:4      | Found a glowing silver altar of Zin.
  2807 | D:4      | Found a runed translucent gate.
  2808 | D:4      | Found a runed translucent gate.
  2808 | D:4      | Found a runed translucent gate.
  2810 | D:4      | Noticed drd's ghost (amateur OpTm)
  3080 | D:4      | Found a hazy altar of Hepliaklqana.
  3245 | D:4      | Found an iron altar of Okawaru.
  3528 | D:4      | Found a runed translucent door.
  3529 | D:4      | Noticed Crazy Yiuf
  3536 | D:4      | Killed Crazy Yiuf
  3662 | D:4      | Reached skill level 5 in Dodging
  3671 | D:4      | Killed drd's ghost
  3919 | D:5      | Entered Level 5 of the Dungeon
  4000 | D:5      | Noticed Eustachio
  4010 | D:5      | Killed Eustachio
  4011 | D:5      | Reached XP level 8. HP: 73/73 MP: 7/7
  4638 | D:5      | Noticed Edmund
  4663 | D:5      | Killed Edmund
  4974 | D:5      | Reached *** piety under Trog
  4982 | D:5      | Noticed Dowan
  4983 | D:5      | Noticed Duvessa
  4992 | D:5      | Killed Dowan
  4996 | D:5      | Killed Duvessa
  4997 | D:5      | Reached skill level 1 in Shields
  5775 | D:5      | Reached XP level 9. HP: 72/82 MP: 8/8
  6144 | D:5      | Reached skill level 5 in Armour
  6752 | D:6      | Found a staircase to the Ecumenical Temple.
  6835 | D:6      | Found a runed translucent door.
  6837 | D:6      | Noticed stillor's ghost (novice OpTm)
  7121 | D:6      | Found an ancient bone altar of Kikubaaqudgha.
  7127 | D:6      | Found a snail-covered altar of Cheibriados.
  7127 | D:6      | Found a broken altar of Ashenzari.
  7160 | D:6      | Reached **** piety under Trog
  7601 | D:6      | Killed stillor's ghost
  7974 | D:7      | Reached skill level 5 in Shields
  8128 | D:7      | Reached XP level 10. HP: 90/91 MP: 9/9
  8438 | D:8      | Got a twitching bronze ring
  8799 | D:8      | Reached skill level 10 in Fighting
  9034 | D:8      | Reached skill level 10 in Axes
  9136 | D:8      | Reached ***** piety under Trog
 10322 | D:9      | Found a stormy altar of Qazlal.
 10350 | D:9      | Noticed Pikel
 10370 | D:9      | Killed Pikel
 10862 | D:10     | Entered Level 10 of the Dungeon
 10912 | D:10     | Identified the ring "Jajou" {rC+ rCorr Dex+3} (You found it
                  | on level 8 of the Dungeon)
 10938 | D:10     | Noticed a two-headed ogre
 10950 | D:10     | Killed a two-headed ogre
 11022 | D:10     | Found a staircase to the Lair.
 11160 | D:10     | Found a portal to a secret trove of treasure.
 11303 | D:10     | Reached XP level 11. HP: 74/101 MP: 10/10
 11612 | Lair:1   | Entered Level 1 of the Lair of Beasts
 11665 | Lair:1   | Reached skill level 10 in Dodging
 11966 | Lair:1   | Noticed Prince Ribbit
 11980 | Lair:1   | Killed Prince Ribbit
 12569 | Lair:1   | Noticed Gastronok
 12585 | Lair:1   | Killed Gastronok
 13504 | Lair:2   | Found a blossoming altar of Fedhas.
 13528 | Lair:2   | Noticed an oklob plant
 13827 | Lair:3   | Noticed an oklob plant
 13827 | Lair:3   | Noticed an oklob plant
 14206 | Lair:3   | Noticed a death yak
 14225 | Lair:3   | Noticed a seven-headed hydra
 14264 | Lair:3   | Killed a death yak
 14265 | Lair:3   | Reached XP level 12. HP: 46/112 MP: 11/11
 14272 | Lair:3   | HP: 6/168 [15-headed hydra (3)]
 14274 | Lair:3   | HP: 2/168 [17-headed hydra (5)]
 14274 | Lair:3   | Slain by a 17-headed hydra

Illustrated notes

Levels and vault maps discovered:
D:1:      evilmike_arrival_crescent, layout_basic, ebering_dispersal_statue_hall
D:2:      minmay_wonky_spiral, layout_loops_ring, old_standard_altar,
          uniq_natasha
D:3:      layout_rooms, minitemple, uniq_sigmund, uniq_grinder
D:4:      layout_layer_cave, lemuel_round_altar, kennysheep_okawaru_gauntlet,
          lemuel_doored_altar, gammafunk_ghost_necromancy,
          uniq_crazy_yiuf_cottage
D:5:      minmay_polygon_palace, layout_cave_pods, uniq_duvessa, uniq_edmund,
          uniq_eustachio
D:6:      layout_rooms, gammafunk_temple_overflow_forgotten,
          minmay_temple_entry_wispy, ebering_ghost_inner_flame
D:7:      layout_basic, st_stairs_10
D:8:      layout_layer_cave
D:9:      layout_loops_ring, nicolae_qazlal_style_of_elements, uniq_pikel
D:10:     layout_loops_ring, lair_entry_dummy, enter_trove_2
Lair:1:   layout_hall_layers, uniq_prince_ribbit2, uniq_gastronok
Lair:2:   layout_regular_city, tgw_fedhas
Lair:3:   layout_gridlike, spider_nest_entry_a,
          portal_ice_cave_entry_ice_beasts, st_stairs_8,
          minmay_lair_oklob_chamber, wad_woods_river_01, lemuel_fruit_fields

Skill      XL: |  1  2  3  4  5  6  7  8  9 10 11 |
---------------+----------------------------------+-----
Fighting       | 4 5 6 7 8 9 10 12 | 12.0
Axes           | 4 5 7 8 9 10 12 | 12.0
Armour         | 3 4 6 8 |  8.2
Dodging        | 3 4 6 7 8 9 11 | 11.0
Shields        | 2 5 7 9 |  9.3

Action                   |  1- 3 |  4- 6 |  7- 9 | 10-12 || total
-------------------------+-------+-------+-------+-------++-------
Melee: Hand axe          |    63 |    57 |   272 |   606 ||   998
       Headbutt          |    12 |    12 |    57 |   157 ||   238
Invok: Berserk           |       |     2 |     6 |     3 ||    11
  Use: Scroll            |       |     2 |     4 |     5 ||    11
 Stab: Sleeping          |       |       |     1 |       ||     1
Armor: Ring mail         |    19 |    15 |       |       ||    34
       Animal skin       |     1 |       |       |       ||     1
       Chain mail        |       |       |    49 |   163 ||   212
       Skin              |       |       |     1 |       ||     1
Dodge: Dodged            |    48 |    37 |   164 |   229 ||   478
Block: Buckler           |       |       |     7 |   270 ||   277
       Reflection        |       |       |       |     5 ||     5

Table legend: (Time is in decaauts)
 A = Elapsed time spent in this place.
 B = Non-inter-level travel time spent in this place.
 C = Inter-level travel time spent in this place.
 D = Time resting spent in this place.
 E = Time spent auto-exploring this place.
 F = Levels seen in this place.
 G = Mean time per level.
                   A        B        C        D        E       F      G
               +--------+--------+--------+--------+--------+-----+--------+
         Total |  14220 |  13773 |    447 |   2149 |   9508 |  13 | 1093.8 |
       Dungeon |  11609 |  11230 |    379 |   1583 |   8028 |  10 | 1160.9 |
          Lair |   2610 |   2543 |     67 |    566 |   1480 |   3 |  870.0 |
               +--------+--------+--------+--------+--------+-----+--------+

Top non-repeatable levels by time:
     D:5: 2553 daAuts
     D:8: 1663 daAuts
     D:4: 1373 daAuts
     D:6: 1353 daAuts
  Lair:2: 1098 daAuts
  Lair:1: 1078 daAuts
     D:1: 1021 daAuts
     D:2: 940 daAuts
     D:9: 795 daAuts
    D:10: 737 daAuts
     D:3: 625 daAuts
     D:7: 544 daAuts
  Lair:3: 434 daAuts
